 Dungeon Crawl Stone Soup version 0.24.0-37-gcf1ca852f1 (webtiles) character file.

Game seed: 2861532386175939754, levelgen mode: deterministic

434 grindst0ne the Sneak (level 7, -7/64 HPs)
             Began as a Naga Warper on Nov 28, 2019.
             Was an Initiate of Qazlal.
             Mangled by an ice beast (14 damage)
             ... on level 5 of the Dungeon.
             The game lasted 00:14:30 (5590 turns).

grindst0ne the Sneak (Naga Warper)                  Turns: 5590, Time: 00:14:31

Health: -7/64      AC:  4    Str: 13 (14) XL:     7   Next: 0%
Magic:  6/10       EV:  4    Int: 13      God:    Qazlal [......]
Gold:   170        SH: 11    Dex: 10 (12) Spells: 3/10 levels left

rFire    . . .     SeeInvis +   a - +1 hand axe
rCold    . . .     Gourm    .   j - +0 large shield
rNeg     . . .     Faith    .   t - +0 ring mail
rPois    +         Spirit   .   (no helmet)
rElec    .         Reflect  .   u - scarf {repulsion}
rCorr    .         Harm     .   (no gloves)
MR       .....                  (no barding)
Stlth    ++........             (no amulet)
HPRegen  0.20/turn              i - ring of wizardry
MPRegen  0.12/turn              (no ring)

@: very slightly contaminated, hasted, repel missiles, quick
A: large, see invisible, deformed body, poison resistance, slowness 2, slow
metabolism 1, spit poison 1, AC +2
a: Spit Poison, Renounce Religion


You were on level 5 of the Dungeon.
You worshipped Qazlal.
Qazlal was noncommittal.
You were not hungry.

You visited 2 branches of the dungeon, and saw 6 of its levels.

You collected 170 gold pieces.

Inventory:

Hand Weapons
 a - a +1 hand axe (weapon)
Missiles
 e - 2 boomerangs of dispersal (quivered)
 g - 4 boomerangs
Armour
 b - a +0 leather armour
 h - a +0 buckler
 j - a +0 large shield (worn)
 t - a +0 ring mail (worn)
 u - a scarf of repulsion (worn)
Jewellery
 i - a ring of wizardry (left hand)
Wands
 o - a wand of disintegration (13)
Scrolls
 c - 2 scrolls of enchant weapon
 d - a scroll of blinking
 m - 2 scrolls of fear
 n - 3 scrolls of remove curse
 q - a scroll of amnesia {unknown}
Comestibles
 f - 14 rations


   Skills:
 + Level 4.0 Fighting
 - Level 2.0 Axes
 - Level 0.8 Throwing
 - Level 0.7 Armour
 - Level 1.5 Dodging
 - Level 5.0 Stealth
 + Level 2.4 Shields
 - Level 2.0 Spellcasting
 + Level 3.8 Translocations
 + Level 2.4 Evocations


You had 3 spell levels left.
You knew the following spells:

 Your Spells              Type           Power        Failure   Level  Hunger
a - Blink                 Tloc           N/A          67%         2    ###....
b - Shroud of Golubria    Chrm/Tloc      #.....       89%         2    ###....
c - Gell's Gravitas       Tloc           ##........   87%         3    ####...

Your spell library contained the following spells:

 Spells                   Type           Power        Failure   Level  Hunger
 Lesser Beckoning         Tloc           ##........   87%         3    ####...
 Teleport Other           Tloc           ##......     87%         3    ####...
 Passage of Golubria      Tloc           N/A          99%         4    #####..


Dungeon Overview and Level Annotations

Branches:
Dungeon (5/15)             Temple (1/1) D:5

Altars:
Dithmenos
Elyvilon
Fedhas
Nemelex Xobeh
Qazlal
Ru
Trog
Uskayaw
Yredelemnul
Zin

Annotations:
D:2 exclusion: downstairs
D:3 Grinder
D:5 Dowan, Duvessa


Innate Abilities, Weirdness & Mutations

You cannot wear boots.
Your serpentine skin is tough. (AC +2)
You have supernaturally acute eyesight. (SInv)
Armour fits poorly on your strangely shaped body.
Your system is resistant to poisons. (rPois)
You cover ground very slowly.
You have a slow metabolism.
You can spit poison.


Message History

You slash the ice beast!
The ice beast is severely wounded.
You have got your breath back.
The ice beast is no longer blind.
You hit the ice beast but do no damage.
The ice beast is severely wounded.
You block the ice beast's attack.
Casting: Blink (safe; 67% risk of failure)
Confirm with . or Enter, or press ? or * to list all spells.
You miscast Blink.
You are very lightly contaminated with residual magic.
You feel a wrenching sensation.
Casting: Blink (safe; 67% risk of failure)
Confirm with . or Enter, or press ? or * to list all spells.
You miscast Blink.
The air around you crackles with energy!
The ice beast hits you.
* * * LOW HITPOINT WARNING * * *
The ice beast freezes you!
You die...

.........# .#..#..
....##...# ..... ..
###.. #...# .. #.
##...## . #.....# . ..
#.# .. ... ##.##......
....##...##.....###
.......@(.....(.#.
....##..Y##...#..
.....##.##....#.# ..
#..#.#..##.#.# .
#.....##....#
##...##....##
...#...#..##..## .
..........####..#####..
..######..# #.......#


You could see an ice beast.

Vanquished Creatures
  An ogre (D:4)
  A scorpion (D:4)
  A bullfrog zombie (D:5)
  A hound (D:5)
  3 worker ants
  A hound skeleton (D:4)
  6 adders
  An ooze (D:2)
  3 dart slugs
  7 leopard geckos
  An orc (D:4)
  A ball python (D:3)
  7 giant cockroaches
  7 goblins
  5 hobgoblins
  9 jackals
  7 kobolds
  3 quokkas
  9 bats
  5 frilled lizards
  8 rats
87 creatures vanquished.

Notes
Turn   | Place    | Note
-------+----------+-------------------------------------------
     0 | D:1      | grindst0ne the Naga Warper began the quest for the Orb.
     0 | D:1      | Reached XP level 1. HP: 19/19 MP: 3/3
   117 | D:1      | Reached skill level 1 in Stealth
   131 | D:1      | Reached XP level 2. HP: 6/27 MP: 5/5
   561 | D:1      | Reached skill level 2 in Stealth
   660 | D:1      | Learned a level 2 spell: Blink
  1216 | D:1      | Learned a level 2 spell: Shroud of Golubria
  1252 | D:2      | Reached XP level 3. HP: 33/33 MP: 6/6
  1598 | D:2      | Reached skill level 3 in Stealth
  1639 | D:2      | Reached skill level 1 in Shields
  1911 | D:2      | Reached XP level 4. HP: 26/42 MP: 7/7
  2187 | D:2      | Learned a level 3 spell: Gell's Gravitas
  2251 | D:2      | Found a faded altar of an unknown god.
  2449 | D:3      | Noticed Grinder
  2450 | D:3      | Paralysed by Grinder for 5 turns
  2939 | D:3      | Reached XP level 5. HP: 46/49 MP: 8/8
  2969 | D:3      | Reached skill level 1 in Evocations
  3056 | D:3      | Reached skill level 4 in Stealth
  3555 | D:4      | Noticed an ogre
  3574 | D:3      | Noticed a necrophage
  3689 | D:4      | Found a shadowy altar of Dithmenos.
  3706 | D:4      | Reached XP level 6. HP: 13/55 MP: 9/9
  4074 | D:4      | Found a basalt altar of Yredelemnul.
  4202 | D:4      | HP: 1/55 [ogre/+0 giant club (22)]
  4203 | D:4      | Reached skill level 5 in Stealth
  4569 | D:4      | Found a sacrificial altar of Ru.
  4788 | D:5      | Entered Level 5 of the Dungeon
  4788 | D:5      | Found a basalt altar of Yredelemnul.
  4914 | D:5      | Noticed Duvessa
  4914 | D:5      | Noticed Dowan
  4999 | D:5      | Noticed an ice beast
  5204 | D:5      | Found a bloodstained altar of Trog.
  5204 | D:5      | Found a blossoming altar of Fedhas.
  5324 | D:5      | Found a staircase to the Ecumenical Temple.
  5333 | Temple   | Entered the Ecumenical Temple
  5371 | Temple   | Became a worshipper of Qazlal Stormbringer
  5419 | D:5      | Reached XP level 7. HP: 32/63 MP: 10/10
  5590 | D:5      | Mangled by an ice beast

Levels and vault maps discovered:
D:1:      matt_arrival_los_fun, layout_basic
D:2:      layout_rooms, chequers_ecumenical_altar_simple_redux, first_ration,
          grunt_decor_cap
D:3:      lemuel_upstairs_altar, layout_loops_ring, st_stairs_5, uniq_grinder
D:4:      layout_basic, lemuel_crystal_altar, lemuel_crystal_altar,
          supply_closet_lemuel, nicolae_dithmenos_shadow_blocks
D:5:      layout_layer_cave, gammafunk_temple_overflow_wave,
          minmay_temple_entry_waves, basic_altar, serial_shops,
          nicolae_shop_waterfront, uniq_duvessa
Temple:   dpeg_chambers_temple

Skill      XL: |  1  2  3  4  5  6 |
---------------+-------------------+-----
Stealth        | 1 2 3 4 5 |  5.0
Shields        | 1 2 |  2.4
Fighting       | 3 4 |  4.0
Evocations     | 1 2 |  2.4
Axes           | |  2.0
Throwing       | |  0.8
Armour         | |  0.7
Dodging        | |  1.5
Spellcasting   | |  2.0
Translocations | |  3.8

Action                   |  1- 3 |  4- 6 |  7- 9 || total
-------------------------+-------+-------+-------++-------
Melee: Hand axe          |    73 |   168 |    11 ||   252
Throw: Boomerang         |     3 |       |       ||     3
       Dart              |     6 |    18 |     2 ||    26
 Cast: Blink             |       |     3 |       ||     3
 Abil: Spit Poison       |    23 |    34 |     2 ||    59
Evoke: Wand              |       |     2 |       ||     2
  Use: Scroll            |     1 |     5 |       ||     6
       Potion            |       |     3 |     2 ||     5
 Stab: Invisible         |     2 |     1 |       ||     3
       Sleeping          |       |     3 |       ||     3
  Eat: Chunk             |     3 |    10 |       ||    13
       Ration            |       |       |     1 ||     1
Armor: Leather armour    |    31 |    30 |       ||    61
       Ring mail         |       |    31 |     4 ||    35
Dodge: Dodged            |    63 |   102 |       ||   165
Block: Buckler           |    12 |    30 |       ||    42
       Large shield      |       |    11 |     6 ||    17
